 Dungeon Crawl Stone Soup version 0.31.0-4-g52a2dc7128 (webtiles) character file.

Game seed: 12851766304290765756

23 stipulation the Ruffian (level 2, 0/26 HPs)
             Began as a Ghoul Monk on Jan 23, 2024.
             Killed from afar by a dart slug (3 damage)
             ... with a slug dart
             ... on level 1 of the Dungeon.
             The game lasted 00:00:17 (297 turns).

stipulation the Ruffian (Ghoul Monk)                 Turns: 297, Time: 00:00:18

Health: 0/26       AC:  2    Str: 14    XL:     2   Next: 95%
Magic:  2/2        EV: 12    Int:  9    God:
Gold:   19         SH:  0    Dex: 11    Spells: 1/1 levels left

rFire   . .          .
                       - Unarmed
rCold   + . .        c - orb {light}
rNeg    + + +        a - +0 robe
rPois   ∞            (no helmet)
rElec   .            (no cloak)
rCorr   .            (no gloves)
SInv    .            (no boots)
Will    .....        (no amulet)
Stlth   +            (no ring)
HPRegen 0.00/turn    (no ring)
MPRegen 0.08/turn

%: no passive effects
@: inhibited regen, glowing
A: claws 1, cold resistance 1, negative energy resistance 3, inhibited
regeneration, torment resistance 2, devour on kill
a: no special abilities


You were on level 1 of the Dungeon.
You visited 1 branch of the dungeon, and saw 1 of its levels.

You collected 19 gold pieces.

Inventory:

Armour
 a - a +0 robe (worn)
 c - an orb of light (worn)
Jewellery
 i - a +5 ring of evasion
Scrolls
 d - a scroll of identify {unknown}
 h - a scroll of teleportation {unknown}
Potions
 b - a potion of ambrosia
 e - a potion of might {unknown}
 f - a potion of heal wounds {unknown}
 g - a potion of curing {unknown}


   Skills:
 - Level 3.2 Fighting
 - Level 2.6 Dodging
 + Level 4.4 Unarmed Combat


You had one spell level left.
You didn't know any spells.
Your spell library was empty.

Dungeon Overview and Level Annotations

Branches:
Dungeon (1/15)

Altars:


Innate Abilities, Weirdness & Mutations

You are immune to poison.
You have sharp fingernails.
Your flesh is cold resistant. (rC+)
You are immune to negative energy. (rN+++)
You do not regenerate when monsters are visible.
You are immune to unholy pain and torment.
You thrive by killing the living.


Message History

The goblin hits you but does no damage.
A kobold comes into view. It is wielding a +0 short sword.
The kobold shouts!
A bat comes into view.
The giant cockroach barely misses you.
There are monsters nearby!
There are monsters nearby!
You scratch the goblin.
You kill the goblin!
The kobold hits you with a +0 whip. The dart slug closely misses you.
The giant cockroach bites you.
You scratch the giant cockroach.
You kill the giant cockroach!
You feel better. The kobold closely misses you.
You completely miss the dart slug. The bat hits you.
The kobold barely misses you.
A frilled lizard comes into view.
The dart slug misses you.
You completely miss the dart slug. The bat barely misses you.
The kobold hits you with a +0 whip. The dart slug closely misses you.
You claw the dart slug!
The dart slug is severely wounded.
The bat hits you but does no damage. The kobold hits you with a +0 whip.
* * * LOW HITPOINT WARNING * * *
You scratch the dart slug but do no damage.
The dart slug is severely wounded.
The kobold hits you with a +0 whip.
* * * LOW HITPOINT WARNING * * *
The dart slug launches a dart at you. The slug dart misses you.
The kobold hits you with a +0 short sword.
* * * LOW HITPOINT WARNING * * *
A dart slug comes into view.
You scratch the dart slug but do no damage.
The dart slug is severely wounded.
The bat barely misses you. The kobold misses you.
The kobold hits you but does no damage. The dart slug launches a dart at you.
The slug dart hits you.
You die...

####+#+#.........##.#..
#..........#.......#.#..
...................#.#..
w............#+#.....#..
.............#.#.#.....#
........................
....l......#.#.#.....#.#
......w)K..#.#.#.###.#..
......K@...#.# ### #####
#.......b..#.#
...≈≈≈≈≈...#.#
..##≈≈≈≈≈≈.... #
#####≈≈≈..# #≈≈≈≈.#
#≈≈≈≈..# # ≈≈≈≈≈.. # #


You could see 2 dart slugs, a bat, 2 kobolds and a frilled lizard.

Vanquished Creatures
  A dart slug (D:1)
  4 bats (D:1)
  2 endoplasms (D:1)
  2 giant cockroaches (D:1)
  2 goblins (D:1)
  4 hobgoblins (D:1)
  A quokka (D:1)
  A ball python (D:1)
  2 rats (D:1)
19 creatures vanquished.

Notes
Turn   | Place    | Note
-------+----------+-------------------------------------------
     0 | D:1      | stipulation the Ghoul Monk began the quest for the Orb.
     0 | D:1      | Reached XP level 1. HP: 19/19 MP: 1/1
   152 | D:1      | Reached XP level 2. HP: 26/26 MP: 2/2
   169 | D:1      | Reached skill level 4 in Unarmed Combat
   297 | D:1      | Killed from afar by a dart slug

Illustrated notes

Levels and vault maps discovered:
D:1:      giann_wishing_wells, layout_basic, st_stairs_14, grunt_decor_junction

Skill      XL: |  1  2 |
---------------+-------+-----
Unarmed Combat | 4 |  4.4
Fighting       | |  3.2
Dodging        | |  2.6

Action                     || total
---------------------------++-------
  Melee: Unarmed           ||    42
 Armour: Robe              ||    35
  Dodge: Dodged            ||    37
